[Event "European Online Club-ch-H 2021"]
[Site "Online"]
[Date "2021.03.27"]
[Round "2.5"]
[White "Sabuk, Piotr"]
[Black "Parvanyan, Ashot"]
[Result "1-0"]
[ECO "E97"]
[WhiteElo "2366"]
[BlackElo "2436"]
[Annotator "NA"]
[PlyCount "65"]
[EventDate "2021.03.27"]
[EventType "team-tourn"]
[EventCountry "NET"]
[SourceTitle "playchess.com"]
[Source "ChessBase"]
[SourceQuality "1"]
[TimeControl "900+5"]

1. d4 Nf6 2. c4 g6 3. Nc3 Bg7 4. e4 d6 5. Nf3 O-O 6. Be2 e5 7. O-O Nc6 8. d5 Ne7 9. b4 a5 10. bxa5 Rxa5 11. a4 Nh5 12. Re1 f5 13. Bd2 Nf4 14. Bf1 h6 15. exf5 Bxf5 16. Ra3 Ra8 17. a5 g5 18. Ne4 Neg6 19. Bb4 Qd7 20. c5 Bxe4 21. Rxe4 Qf5 22. Qe1 Nxd5 23. Bc4 c6 24. cxd6 Kh8 25. Bc5 Ngf4 26. Nxe5 Rfe8 27. Bd4 c5 28. d7 Red8 29. Bxc5 Kh7 30. Rf3 Nf6 31. Rexf4 Qxf4 32. Rxf4 gxf4 33. Qb1+ 1-0

[Event "European Online Club-ch-H 2021"]
[Site "Online"]
[Date "2021.03.27"]
[Round "2.6"]
[White "Olsen, Filip Boe"]
[Black "Valuet, Bertrand"]
[Result "1-0"]
[ECO "E11"]
[WhiteElo "2379"]
[BlackElo "2217"]
[Annotator "NA"]
[PlyCount "151"]
[EventDate "2021.03.27"]
[EventType "team-tourn"]
[EventCountry "NET"]
[SourceTitle "playchess.com"]
[Source "ChessBase"]
[SourceQuality "1"]
[TimeControl "900+5"]

1. d4 Nf6 2. c4 e6 3. Nf3 d5 4. g3 Bb4+ 5. Bd2 Be7 6. Bg2 O-O 7. O-O c6 8. Bf4 dxc4 9. Ne5 Nd5 10. Nxc4 Nxf4 11. gxf4 Bf6 12. e3 Qe7 13. Nc3 Rd8 14. Qc2 b6 15. Rac1 Bb7 16. Ne4 Na6 17. Ne5 c5 18. dxc5 Bxe5 19. c6 Rac8 20. fxe5 Nb4 21. Qb1 Bxc6 22. a3 Nd3 23. Rc3 Bxe4 24. Bxe4 Rxc3 25. bxc3 Nxe5 26. Bxh7+ Kh8 27. Be4 Rd2 28. Qb4 Qg5+ 29. Kh1 f5 30. Bg2 Ng4 31. Kg1 Nxe3 32. Qf8+ Kh7 33. Qa8 Ng4 34. Qf3 Ra2 35. h3 Nf6 36. c4 Ne4 37. Qe3 Qxe3 38. fxe3 Rxa3 39. Bxe4 fxe4 40. Rf7 Rxe3 41. Rxa7 Rxh3 42. Rb7 Rc3 43. Rxb6 Rxc4 44. Rxe6 g6 45. Kf2 Kh6 46. Re5 g5 47. Kg3 Kh5 48. Re8 Rc3+ 49. Kg2 e3 50. Kf3 g4+ 51. Kf4 e2 52. Rxe2 Rf3+ 53. Ke4 Kh4 54. Ra2 Kh3 55. Rb2 Rf7 56. Ke3 g3 57. Rb8 Kg2 58. Rg8 Kh2 59. Rh8+ Kg1 60. Rg8 g2 61. Ke2 Rf2+ 62. Ke1 Rf4 63. Ke2 Rf3 64. Kxf3 Kh1 65. Kf2 g1=Q+ 66. Rxg1+ Kh2 67. Rg8 Kh3 68. Rg7 Kh4 69. Kf3 Kh5 70. Kf4 Kh6 71. Rg1 Kh7 72. Kf5 Kh8 73. Kf6 Kh7 74. Rg2 Kh8 75. Kf7 Kh7 76. Rh2# 1-0

[Event "European Online Club-ch-H 2021"]
[Site "Online"]
[Date "2021.03.27"]
[Round "2.7"]
[White "Appendino, Jerome"]
[Black "Pajeken, Jakob Leon"]
[Result "0-1"]
[ECO "C97"]
[WhiteElo "2175"]
[BlackElo "2323"]
[Annotator "NA"]
[PlyCount "80"]
[EventDate "2021.03.27"]
[EventType "team-tourn"]
[EventCountry "NET"]
[SourceTitle "playchess.com"]
[Source "ChessBase"]
[SourceQuality "1"]
[TimeControl "900+5"]

1. e4 e5 2. Nf3 Nc6 3. Bb5 a6 4. Ba4 Nf6 5. O-O Be7 6. Re1 b5 7. Bb3 d6 8. c3 O-O 9. h3 Na5 10. Bc2 c5 11. d4 Qc7 12. d5 Nd7 13. Nbd2 Nb6 14. Nf1 f5 15. exf5 Bxf5 16. Bxf5 Rxf5 17. Ng3 Rf7 18. Bg5 h6 19. Bxe7 Qxe7 20. b3 c4 21. b4 Nb7 22. Qd2 Raf8 23. Rad1 Nd8 24. Re2 Rf4 25. Nd4 R4f6 26. Nf3 Nf7 27. Ne4 Rf4 28. Qe3 Na4 29. g3 Rxe4 30. Qxe4 Nxc3 31. Qc2 Nxd1 32. Qxd1 Ng5 33. Nxg5 Qxg5 34. Kg2 Qf5 35. Rd2 Qe4+ 36. f3 Qe3 37. Qe2 Rxf3 38. Qxf3 Qxd2+ 39. Kg1 Qd3 40. Qh5 Qxd5 0-1

[Event "European Online Club-ch-H 2021"]
[Site "Online"]
[Date "2021.03.27"]
[Round "2.8"]
[White "Arndt, Magnus"]
[Black "Ould Ahmed, Samy"]
[Result "1-0"]
[ECO "C45"]
[WhiteElo "2282"]
[BlackElo "2110"]
[Annotator "NA"]
[PlyCount "43"]
[EventDate "2021.03.27"]
[EventType "team-tourn"]
[EventCountry "NET"]
[SourceTitle "playchess.com"]
[Source "ChessBase"]
[SourceQuality "1"]
[TimeControl "900+5"]

1. e4 e5 2. Nf3 Nc6 3. d4 exd4 4. Nxd4 Nf6 5. Nxc6 bxc6 6. e5 Qe7 7. Qe2 Nd5 8. c4 Ba6 9. Nd2 g5 10. Ne4 h6 11. h4 Nf4 12. Bxf4 gxf4 13. Nf6+ Kd8 14. O-O-O Bc8 15. Qe4 Qc5 16. Qxf4 h5 17. Ne4 Qe7 18. Ng5 Bh6 19. Be2 Re8 20. Bxh5 Qxe5 21. Nxf7+ Ke7 22. Qxh6 1-0

[Event "European Online Club-ch-H 2021"]
[Site "Online"]
[Date "2021.03.27"]
[Round "2.9"]
[White "Manik, Mikulas"]
[Black "Nagy, Gabor"]
[Result "1-0"]
[ECO "B42"]
[WhiteElo "2353"]
[BlackElo "2509"]
[Annotator "ChessBase"]
[PlyCount "105"]
[EventDate "2021.03.27"]
[EventType "team-tourn"]
[EventCountry "NET"]
[SourceTitle "playchess.com"]
[Source "ChessBase"]
[SourceQuality "1"]
[TimeControl "900+5"]

1. e4 c5 2. Nf3 e6 3. d4 cxd4 4. Nxd4 a6 5. Bd3 Nf6 6. Qe2 d6 7. c4 Qc7 8. Nc3 Nbd7 9. O-O g6 10. a4 Bg7 11. a5 O-O 12. Nb3 Ne5 13. Be3 Bd7 14. Bb6 Qb8 15. h3 d5 16. cxd5 exd5 17. exd5 Re8 18. Qd1 Nxd3 19. Qxd3 Bf5 20. Qd2 Ne4 21. Nxe4 Rxe4 22. d6 Be6 23. Rfe1 Rxe1+ 24. Rxe1 Bxb3 25. d7 Bf6 26. d8=Q+ Qxd8 27. Bxd8 Rxd8 28. Qxd8+ Bxd8 29. Re8+ Kg7 30. Rxd8 Ba4 31. f4 Kf6 32. Kf2 Ke7 33. Rh8 h5 34. g4 hxg4 35. hxg4 Bc6 36. Ke3 Bd7 37. g5 Ke6 38. Rf8 Bc6 39. b4 Ke7 40. Rb8 Ke6 41. Rc8 Kd7 42. Rh8 Ke6 43. Rh2 Kf5 44. Rc2 Ke6 45. Rc5 Kd6 46. f5 Bd7 47. f6 Bc6 48. Kd4 Bg2 49. Re5 Kc6 50. Re8 Bd5 51. Rc8+ Kd7 52. Rb8 Bg2 53. Ke5 1-0

[Event "European Online Club-ch-H 2021"]
[Site "Online"]
[Date "2021.03.27"]
[Round "2.10"]
[White "Mihok, Oliver"]
[Black "Danada, Tomas"]
[Result "1-0"]
[ECO "B35"]
[WhiteElo "2540"]
[BlackElo "2321"]
[Annotator "ChessBase"]
[PlyCount "45"]
[EventDate "2021.03.27"]
[EventType "team-tourn"]
[EventCountry "NET"]
[SourceTitle "playchess.com"]
[Source "ChessBase"]
[SourceQuality "1"]
[TimeControl "900+5"]

1. e4 c5 2. Nf3 Nc6 3. Nc3 g6 4. d4 cxd4 5. Nxd4 Bg7 6. Be3 Nf6 7. Bc4 O-O 8. Bb3 Re8 9. h4 h5 10. f3 e6 11. Qd2 d5 12. exd5 exd5 13. O-O-O Ne5 14. Bg5 Nc4 15. Qf4 Ne3 16. Rd3 Nf5 17. Ndb5 Be6 18. Nc7 Rc8 19. Nxe8 Qxe8 20. g4 d4 21. gxf5 dxc3 22. fxe6 cxb2+ 23. Kb1 1-0

[Event "European Online Club-ch-H 2021"]
[Site "Online"]
[Date "2021.03.27"]
[Round "2.11"]
[White "Zambor, Norbert"]
[Black "Glek, Igor"]
[Result "0-1"]
[ECO "B28"]
[WhiteElo "2260"]
[BlackElo "2475"]
[Annotator "ChessBase"]
[PlyCount "76"]
[EventDate "2021.03.27"]
[EventType "team-tourn"]
[EventCountry "NET"]
[SourceTitle "playchess.com"]
[Source "ChessBase"]
[SourceQuality "1"]
[TimeControl "900+5"]

1. e4 c5 2. Nf3 a6 3. c3 e6 4. d4 d5 5. e5 Bd7 6. Bd3 cxd4 7. cxd4 Bb5 8. Bxb5+ axb5 9. O-O b4 10. Re1 Nc6 11. Nbd2 Nge7 12. Nb3 Nf5 13. Bg5 Be7 14. Bxe7 Qxe7 15. Qd3 O-O 16. h3 Ra7 17. g4 Nh4 18. Nxh4 Qxh4 19. Kg2 Rfa8 20. Nc1 h5 21. gxh5 Nxd4 22. Nb3 Nc6 23. Qe3 Qxh5 24. Kh2 Rxa2 25. Rab1 Ne7 26. Rg1 Nf5 27. Qf4 Qe2 28. Rg2 Qe4 29. Qxe4 dxe4 30. Rg4 Ne7 31. Nc5 Nd5 32. Rxe4 Ra1 33. Rxa1 Rxa1 34. Nd3 b3 35. Rc4 Rd1 36. Rc8+ Kh7 37. Nc5 Rc1 38. Kg3 b6 0-1

[Event "European Online Club-ch-H 2021"]
[Site "Online"]
[Date "2021.03.27"]
[Round "2.12"]
[White "Meessen, Rudolf"]
[Black "Kusiak, Matej"]
[Result "0-1"]
[ECO "D00"]
[WhiteElo "2223"]
[BlackElo "2251"]
[Annotator "NA"]
[PlyCount "94"]
[EventDate "2021.03.27"]
[EventType "team-tourn"]
[EventCountry "NET"]
[SourceTitle "playchess.com"]
[Source "ChessBase"]
[SourceQuality "1"]
[TimeControl "900+5"]

1. d4 d5 2. Nc3 c6 3. Bf4 Nf6 4. e3 g6 5. h4 Bg7 6. Be2 h5 7. Nf3 Bf5 8. Ne5 Nbd7 9. f3 Nxe5 10. Bxe5 Qb6 11. e4 Be6 12. Qd3 Bh6 13. exd5 Bxd5 14. Nxd5 cxd5 15. Qb5+ Qxb5 16. Bxb5+ Kf8 17. Kf2 Bg7 18. Rhe1 Ne8 19. Bxe8 Rxe8 20. Bxg7+ Kxg7 21. c3 e6 22. f4 a5 23. a3 b5 24. Re3 Ra8 25. Kf3 Rhb8 26. g4 hxg4+ 27. Kxg4 Kf6 28. Rh1 Rh8 29. Re5 b4 30. axb4 axb4 31. h5 Ra2 32. Rb1 bxc3 33. bxc3 Rxh5 34. Rxh5 gxh5+ 35. Kxh5 Rg2 36. Rb7 Rg3 37. Rc7 Rg1 38. Kh4 Kg6 39. f5+ exf5 40. Rc6+ f6 41. Rd6 f4 42. Rd8 Rg5 43. Re8 Kf5 44. Re1 f3 45. Kh3 Kf4 46. Kh2 f2 47. Rf1 Kf3 0-1

[Event "European Online Club-ch-H 2021"]
[Site "Online"]
[Date "2021.03.27"]
[Round "2.14"]
[White "Asadli, Vugar"]
[Black "Roux, Olivier"]
[Result "1-0"]
[ECO "B23"]
[WhiteElo "2572"]
[BlackElo "2156"]
[Annotator "ChessBase"]
[PlyCount "51"]
[EventDate "2021.03.27"]
[EventType "team-tourn"]
[EventCountry "NET"]
[SourceTitle "playchess.com"]
[Source "ChessBase"]
[SourceQuality "1"]
[TimeControl "900+5"]

1. e4 c5 2. Nc3 Nc6 3. Bb5 Nd4 4. Nf3 Nxb5 5. Nxb5 d6 6. d4 a6 7. Nc3 cxd4 8. Qxd4 Nf6 9. Bg5 e5 10. Qd3 Be7 11. O-O-O Qa5 12. Bxf6 gxf6 13. Nd2 Be6 14. Nc4 Qc5 15. Ne3 b5 16. Ncd5 Rc8 17. f3 a5 18. Rd2 Rc6 19. Rhd1 Bd8 20. Qe2 O-O 21. Qe1 Kh8 22. Qh4 f5 23. Nf6 Kg7 24. Qg5+ Kh8 25. Qh6 Bxf6 26. Qxf8# 1-0

[Event "European Online Club-ch-H 2021"]
[Site "Online"]
[Date "2021.03.27"]
[Round "2.15"]
[White "Kirszenberg, Marc"]
[Black "Sadikhov, Ulvi"]
[Result "1-0"]
[ECO "E61"]
[WhiteElo "2130"]
[BlackElo "2490"]
[Annotator "ChessBase"]
[PlyCount "103"]
[EventDate "2021.03.27"]
[EventType "team-tourn"]
[EventCountry "NET"]
[SourceTitle "playchess.com"]
[Source "ChessBase"]
[SourceQuality "1"]
[TimeControl "900+5"]

1. d4 d6 2. Nf3 g6 3. Bf4 Bg7 4. e3 Nf6 5. h3 O-O 6. c4 b6 7. Nc3 Bb7 8. Be2 Nbd7 9. O-O e6 10. Rc1 Qe7 11. b4 Rfe8 12. Bh2 a6 13. Qb3 Ne4 14. Nxe4 Bxe4 15. c5 bxc5 16. dxc5 dxc5 17. bxc5 e5 18. Rfd1 Bc6 19. Bg3 h6 20. Bc4 Reb8 21. Qc2 Nf8 22. Bd5 Bxd5 23. Rxd5 f6 24. Rcd1 Rb5 25. a4 Rb4 26. c6 Rab8 27. Rd7 Nxd7 28. Rxd7 Qe8 29. Rxc7 Rc8 30. Rxc8 Qxc8 31. Qc5 Rb1+ 32. Kh2 Rd1 33. Nh4 Kf7 34. Nxg6 Kxg6 35. Qc2+ Kf7 36. Qxd1 Qxc6 37. Qb3+ Kg6 38. f3 f5 39. e4 fxe4 40. fxe4 Qxe4 41. Qb6+ Kh7 42. Qxa6 h5 43. h4 Bh6 44. Qa7+ Kg6 45. Qb6+ Kh7 46. Qc7+ Kg6 47. Qxe5 Qxa4 48. Qe6+ Kh7 49. Qf5+ Kg8 50. Qxh5 Bg7 51. Qg6 Qd7 52. Be5 1-0

[Event "European Online Club-ch-H 2021"]
[Site "Online"]
[Date "2021.03.27"]
[Round "2.16"]
[White "Ahmadzada, Ahmad"]
[Black "Marek, Yves"]
[Result "1-0"]
[ECO "C03"]
[WhiteElo "2431"]
[BlackElo "2099"]
[Annotator "NA"]
[PlyCount "79"]
[EventDate "2021.03.27"]
[EventType "team-tourn"]
[EventCountry "NET"]
[SourceTitle "playchess.com"]
[Source "ChessBase"]
[SourceQuality "1"]
[TimeControl "900+5"]

1. e4 e6 2. d4 d5 3. Nd2 Be7 4. e5 c5 5. c3 Nc6 6. Bd3 cxd4 7. cxd4 Nh6 8. Ndf3 Nf5 9. Ne2 Qa5+ 10. Bd2 Qb6 11. Bc3 Bd7 12. O-O Rc8 13. Rc1 a5 14. Nf4 Nh6 15. Nh5 g6 16. Bd2 Nf5 17. Bxf5 gxh5 18. Bd3 Nb4 19. Bb1 Rxc1 20. Bxc1 Bb5 21. Re1 Qa6 22. Ng5 Nd3 23. Nxf7 Rf8 24. Nd6+ Bxd6 25. Qxh5+ Kd7 26. Bxd3 Bxd3 27. exd6 Qxd6 28. f3 Qb4 29. Qe5 Qd6 30. Qe3 Bf5 31. Bd2 b6 32. Qf2 Rc8 33. Bc3 b5 34. Bxa5 Rc2 35. Re2 Rc1+ 36. Re1 Rc2 37. Re2 Rc1+ 38. Be1 Qb4 39. Qe3 Qc4 40. g4 1-0

[Event "European Online Club-ch-H 2021"]
[Site "Online"]
[Date "2021.03.27"]
[Round "2.19"]
[White "Kuzubov, Yuriy"]
[Black "Wagner, Dennis"]
[Result "1-0"]
[ECO "D02"]
[WhiteElo "2642"]
[BlackElo "2581"]
[Annotator "ChessBase"]
[PlyCount "77"]
[EventDate "2021.03.27"]
[EventType "team-tourn"]
[EventCountry "NET"]
[SourceTitle "playchess.com"]
[Source "ChessBase"]
[SourceQuality "1"]
[TimeControl "900+5"]

1. d4 Nf6 2. Nf3 g6 3. Nbd2 d5 4. e3 Bg7 5. b4 a5 6. b5 c5 7. bxc6 Nxc6 8. Be2 O-O 9. a4 Bf5 10. c3 Re8 11. O-O e5 12. dxe5 Nxe5 13. Nxe5 Rxe5 14. Nf3 Re8 15. Nd4 Bd7 16. c4 Qc7 17. cxd5 Nxd5 18. Bf3 Nc3 19. Qb3 Bxd4 20. exd4 Ne2+ 21. Bxe2 Rxe2 22. d5 Re4 23. Qf3 Rae8 24. Bb2 Rf4 25. Qg3 Rc4 26. d6 Qc5 27. h3 h5 28. Rfc1 Re2 29. Rxc4 Qxc4 30. Rc1 Qe6 31. Bc3 Kh7 32. Bxa5 Bxa4 33. Qf4 Bc6 34. Bd2 Qd5 35. Rxc6 bxc6 36. Bc3 Qe4 37. Qf6 Qb1+ 38. Kh2 Kh6 39. h4 1-0

[Event "European Online Club-ch-H 2021"]
[Site "Online"]
[Date "2021.03.27"]
[Round "2.20"]
[White "Buhmann, Rainer"]
[Black "Baklan, Vladimir"]
[Result "1-0"]
[ECO "E14"]
[WhiteElo "2580"]
[BlackElo "2587"]
[Annotator "ChessBase"]
[PlyCount "149"]
[EventDate "2021.03.27"]
[EventType "team-tourn"]
[EventCountry "NET"]
[SourceTitle "playchess.com"]
[Source "ChessBase"]
[SourceQuality "1"]
[TimeControl "900+5"]

1. d4 Nf6 2. Nf3 e6 3. c4 b6 4. e3 Bb7 5. Bd3 c5 6. O-O g6 7. Nc3 Bg7 8. d5 exd5 9. cxd5 Nxd5 10. Nb5 O-O 11. e4 Nc7 12. Nd6 Ba6 13. Bg5 f6 14. Bxa6 Nbxa6 15. Bh4 Nb4 16. Re1 Nc6 17. Qb3+ Ne6 18. Rad1 h6 19. Nf5 Qe8 20. Nxg7 Kxg7 21. Qd5 Ned4 22. Nxd4 cxd4 23. f4 Qf7 24. Bf2 Rac8 25. Kf1 Rfe8 26. Qxf7+ Kxf7 27. Bxd4 Nxd4 28. Rxd4 Re7 29. Re2 Rc6 30. Kf2 Ke8 31. Kf3 Rc1 32. Ra4 d5 33. exd5 Rf1+ 34. Rf2 Rd1 35. Re2 Rxd5 36. Rxe7+ Kxe7 37. Rxa7+ Ke6 38. Rb7 Rb5 39. b3 g5 40. Rc7 gxf4 41. Kxf4 Rf5+ 42. Ke4 Re5+ 43. Kd3 Kd6 44. Rh7 h5 45. Rf7 Rf5 46. a3 Rf2 47. Ke3 Rf5 48. g3 Rf1 49. Ke2 Rf5 50. h4 b5 51. Ke3 Rf1 52. Rh7 Rb1 53. b4 Re1+ 54. Kf4 Re5 55. Rf7 Ke6 56. Rc7 Re1 57. Rc5 Rf1+ 58. Ke4 Re1+ 59. Kf3 Ra1 60. Rxh5 f5 61. Kf4 Rf1+ 62. Ke3 Ra1 63. Kd4 Rxa3 64. Rg5 Rf3 65. Kc5 f4 66. gxf4 Rxf4 67. h5 Kd7 68. Kxb5 Rh4 69. Rc5 Kd6 70. Ka5 Rh1 71. Kb6 Rh4 72. b5 Rh1 73. Rg5 Rh4 74. Rg6+ Kd7 75. h6 1-0

[Event "European Online Club-ch-H 2021"]
[Site "Online"]
[Date "2021.03.27"]
[Round "4.1"]
[White "Samani, Yamac"]
[Black "Sabuk, Piotr"]
[Result "1-0"]
[ECO "C26"]
[WhiteElo "2246"]
[BlackElo "2366"]
[Annotator "NA"]
[PlyCount "101"]
[EventDate "2021.03.27"]
[EventType "team-tourn"]
[EventCountry "NET"]
[SourceTitle "playchess.com"]
[Source "ChessBase"]
[SourceQuality "1"]
[TimeControl "900+5"]

1. e4 e5 2. Nc3 Nf6 3. g3 Nc6 4. Bg2 Bc5 5. Nf3 d6 6. d3 h6 7. Na4 O-O 8. O-O Be6 9. c3 Bb6 10. Re1 Qd7 11. Nxb6 axb6 12. a3 Bh3 13. Bh1 Rfe8 14. b4 Bg4 15. Qc2 b5 16. Bb2 Rad8 17. a4 bxa4 18. b5 Ne7 19. c4 b6 20. Rxa4 Ng6 21. Rea1 Qe6 22. Ra7 Rc8 23. Nd2 Nd7 24. Nf1 Nc5 25. Ne3 Ne7 26. f4 f5 27. Nxg4 fxg4 28. f5 Qf6 29. Qd1 h5 30. d4 Nd7 31. Bg2 g6 32. Qd2 gxf5 33. Rf1 Rf8 34. exf5 Nxf5 35. Bd5+ Kh8 36. Bc6 Qe6 37. Bxd7 Qxd7 38. dxe5 Kh7 39. Qg5 dxe5 40. Bxe5 Rf7 41. Qxh5+ Nh6 42. Rxf7+ Qxf7 43. Qxf7+ Nxf7 44. Rxc7 Rf8 45. Bd6 Rd8 46. Rxf7+ Kg6 47. Rc7 Rxd6 48. Rc6 Rf6 49. c5 bxc5 50. Rxf6+ Kxf6 51. b6 1-0

[Event "European Online Club-ch-H 2021"]
[Site "Online"]
[Date "2021.03.27"]
[Round "4.2"]
[White "Valuet, Bertrand"]
[Black "Agdelen, Huseyin Can"]
[Result "1-0"]
[ECO "B84"]
[WhiteElo "2217"]
[BlackElo "2206"]
[Annotator "NA"]
[PlyCount "67"]
[EventDate "2021.03.27"]
[EventType "team-tourn"]
[EventCountry "NET"]
[SourceTitle "playchess.com"]
[Source "ChessBase"]
[SourceQuality "1"]
[TimeControl "900+5"]

1. e4 c5 2. Nf3 d6 3. d4 cxd4 4. Nxd4 Nf6 5. Nc3 a6 6. Be3 e6 7. Be2 Qc7 8. g4 b5 9. g5 b4 10. Nd5 Nxd5 11. exd5 e5 12. Nb3 Be7 13. a3 Bf5 14. axb4 Bxc2 15. Qc1 Bd8 16. Nd2 O-O 17. O-O f5 18. gxf6 Rxf6 19. Ra3 Bf5 20. Qxc7 Bxc7 21. Rc1 Bd8 22. b5 a5 23. b6 Bh3 24. Bf1 Bxf1 25. Kxf1 Nd7 26. b7 Rb8 27. Rc8 Rf8 28. Rxb8 Nxb8 29. Rc3 Rf7 30. Rc8 Rxb7 31. Rxd8+ Kf7 32. Nc4 Rb4 33. Nxd6+ Ke7 34. Bg5# 1-0

[Event "European Online Club-ch-H 2021"]
[Site "Online"]
[Date "2021.03.27"]
[Round "4.3"]
[White "Sertbay, Huseyin"]
[Black "Appendino, Jerome"]
[Result "1/2-1/2"]
[ECO "D10"]
[WhiteElo "2101"]
[BlackElo "2175"]
[Annotator "NA"]
[PlyCount "167"]
[EventDate "2021.03.27"]
[EventType "team-tourn"]
[EventCountry "NET"]
[SourceTitle "playchess.com"]
[Source "ChessBase"]
[SourceQuality "1"]
[TimeControl "900+5"]

1. d4 d5 2. c4 c6 3. cxd5 cxd5 4. Bg5 Nc6 5. Nc3 h6 6. Bh4 g5 7. Bg3 Bg7 8. e3 Nf6 9. Bd3 Qa5 10. Nge2 a6 11. Nc1 b5 12. Nb3 Qb6 13. h4 g4 14. h5 O-O 15. Rc1 Na5 16. Bb1 Nc4 17. Qc2 Bb7 18. Nc5 Rfc8 19. Bh4 Ne4 20. Bxe7 Re8 21. N5xe4 dxe4 22. Bc5 Qc7 23. Qe2 f5 24. b3 Ne5 25. Ba3 Qa5 26. Bc5 Nd3+ 27. Bxd3 exd3 28. Qxd3 Bxg2 29. Rg1 Be4 30. Qd2 Bb7 31. Ne2 Qd8 32. Nf4 Rc8 33. b4 Bf3 34. Kf1 Qd7 35. Qd3 Qf7 36. Qb3 Qxb3 37. axb3 Kf7 38. Ra1 Rc6 39. Ke1 Bf8 40. Kd2 Bd6 41. Ng6 Bd5 42. Bxd6 Rxd6 43. Ne5+ Kf6 44. Rgc1 Bxb3 45. Ke1 Bd5 46. Rc7 Kg5 47. Rg7+ Kxh5 48. Kd2 Rxe5 49. dxe5 Re6 50. f4 Be4 51. Ra2 Kh4 52. Ke2 g3 53. Ra7 g2 54. Kf2 Rc6 55. R7xa6 Rc1 56. Rxh6+ Kg4 57. Rg6+ Kh3 58. Ra7 Rc2+ 59. Ke1 Kh2 60. Rh7+ Kg1 61. Rhg7 Bf3 62. e6 Re2+ 63. Kd1 Rxe3+ 64. Kd2 Re2+ 65. Kd3 Kf1 66. e7 Bg4 67. Rxg4 fxg4 68. Rxg4 Rxe7 69. f5 g1=Q 70. Rxg1+ Kxg1 71. Kd4 Kf2 72. f6 Re6 73. Kc5 Rxf6 74. Kxb5 Ke3 75. Kc5 Ke4 76. b5 Ke5 77. b6 Rf1 78. b7 Rb1 79. Kc6 Ke6 80. Kc7 Rc1+ 81. Kd8 Rb1 82. Kc8 Kd6 83. b8=Q+ Rxb8+ 84. Kxb8 1/2-1/2

[Event "European Online Club-ch-H 2021"]
[Site "Online"]
[Date "2021.03.27"]
[Round "4.4"]
[White "Ould Ahmed, Samy"]
[Black "Atasoy, Ata"]
[Result "1/2-1/2"]
[ECO "B84"]
[WhiteElo "2110"]
[BlackElo "1636"]
[Annotator "NA"]
[PlyCount "133"]
[EventDate "2021.03.27"]
[EventType "team-tourn"]
[EventCountry "NET"]
[SourceTitle "playchess.com"]
[Source "ChessBase"]
[SourceQuality "1"]
[TimeControl "900+5"]

1. e4 c5 2. Nf3 e6 3. d4 cxd4 4. Nxd4 a6 5. Nc3 Qc7 6. Be2 Nf6 7. O-O Be7 8. f4 d6 9. Be3 O-O 10. a4 b6 11. Bd3 Bb7 12. g4 g6 13. g5 Nfd7 14. f5 e5 15. Nde2 Re8 16. Ng3 Nc5 17. Qf3 Bf8 18. Bc4 Re7 19. fxg6 hxg6 20. Nd5 Bxd5 21. Bxd5 Nc6 22. h4 Rd8 23. h5 Nb4 24. hxg6 Nxd5 25. exd5 fxg6 26. Bxc5 Qxc5+ 27. Rf2 Bg7 28. Ne4 Qc8 29. Nf6+ Bxf6 30. gxf6 Rh7 31. f7+ Kf8 32. Qf6 Qg4+ 33. Rg2 Qd4+ 34. Rf2 Qg4+ 35. Rg2 Qd4+ 36. Rf2 Rd7 37. c3 Qh4 38. Qxh4 Rxh4 39. Raf1 Rxa4 40. Rf6 Rg4+ 41. Kh2 Rf4 42. R1xf4 exf4 43. Rxg6 Kxf7 44. Rh6 Ke7 45. Re6+ Kf7 46. Kg2 Re7 47. Rxd6 Re2+ 48. Kf3 Rxb2 49. Rc6 a5 50. Kxf4 a4 51. Ke5 a3 52. Rc7+ Ke8 53. Ke6 Kd8 54. Ra7 a2 55. Kd6 Kc8 56. c4 Kb8 57. Ra6 Kb7 58. Ra3 Rc2 59. Ra4 a1=Q 60. Rxa1 Rxc4 61. Rh1 Rc7 62. Re1 Rc1 63. Re7+ Kc8 64. Re8+ Kb7 65. Re7+ Kc8 66. Re8+ Kb7 67. Re7+ 1/2-1/2

[Event "European Online Club-ch-H 2021"]
[Site "Online"]
[Date "2021.03.27"]
[Round "4.5"]
[White "Manik, Mikulas"]
[Black "Vasli, Aref"]
[Result "1-0"]
[ECO "C88"]
[WhiteElo "2353"]
[BlackElo "2384"]
[Annotator "NA"]
[PlyCount "51"]
[EventDate "2021.03.27"]
[EventType "team-tourn"]
[EventCountry "NET"]
[SourceTitle "playchess.com"]
[Source "ChessBase"]
[SourceQuality "1"]
[TimeControl "900+5"]

1. e4 e5 2. Nf3 Nc6 3. Bb5 a6 4. Ba4 Nf6 5. O-O Be7 6. d3 b5 7. Bb3 d6 8. a4 b4 9. Nbd2 O-O 10. Re1 h6 11. h3 Rb8 12. a5 Be6 13. Nc4 Qc8 14. Bd2 Rd8 15. Ne3 d5 16. exd5 Nxd5 17. Ba4 Nxa5 18. Nxe5 Bf6 19. N3g4 Bg5 20. Bxg5 hxg5 21. Bc6 Nxc6 22. Nxc6 Qb7 23. Nxb8 Rxb8 24. Qf3 Qb6 25. Re5 f6 26. Rxd5 1-0

[Event "European Online Club-ch-H 2021"]
[Site "Online"]
[Date "2021.03.27"]
[Round "4.6"]
[White "Bromann, Thorbjorn"]
[Black "Danada, Tomas"]
[Result "1/2-1/2"]
[ECO "D01"]
[WhiteElo "2392"]
[BlackElo "2321"]
[Annotator "NA"]
[PlyCount "115"]
[EventDate "2021.03.27"]
[EventType "team-tourn"]
[EventCountry "NET"]
[SourceTitle "playchess.com"]
[Source "ChessBase"]
[SourceQuality "1"]
[TimeControl "900+5"]

1. d4 Nf6 2. Nc3 d5 3. Bg5 g6 4. Qd2 h6 5. Bf4 a6 6. f3 Nh5 7. Be5 f6 8. g4 fxe5 9. gxh5 Bg7 10. dxe5 Bxe5 11. O-O-O gxh5 12. Nxd5 Nc6 13. f4 e6 14. e4 exd5 15. exd5 Bxb2+ 16. Kxb2 Qf6+ 17. c3 Ne7 18. Re1 Bf5 19. Qe3 Rh7 20. Nf3 O-O-O 21. Qa7 Qb6+ 22. Qxb6 cxb6 23. c4 b5 24. Nd4 bxc4 25. Rxe7 Rxe7 26. Nxf5 Re1 27. Ng3 Kc7 28. Bxc4 Rxh1 29. Nxh1 Rf8 30. Ng3 Rxf4 31. Kc3 h4 32. Ne2 Rf2 33. Kd4 b5 34. Bd3 Rxh2 35. Ke5 Rh3 36. d6+ Kd8 37. Nf4 Rxd3 38. Nxd3 h3 39. Ke6 h2 40. Nf2 b4 41. Kd5 Kd7 42. Kc5 a5 43. Kb5 Kxd6 44. Kxa5 Kc5 45. Nh1 Kc4 46. Ka4 Kc3 47. Kb5 b3 48. axb3 Kxb3 49. Kc5 Kc3 50. Kd5 Kd3 51. Ng3 h5 52. Ke5 h4 53. Nh1 Ke3 54. Kd5 Kf3 55. Kd4 Kg2 56. Ke3 Kxh1 57. Kf2 h3 58. Kf1 1/2-1/2

[Event "European Online Club-ch-H 2021"]
[Site "Online"]
[Date "2021.03.27"]
[Round "4.7"]
[White "Zambor, Norbert"]
[Black "Carstensen, Jacob"]
[Result "1-0"]
[ECO "B51"]
[WhiteElo "2260"]
[BlackElo "2361"]
[Annotator "NA"]
[PlyCount "87"]
[EventDate "2021.03.27"]
[EventType "team-tourn"]
[EventCountry "NET"]
[SourceTitle "playchess.com"]
[Source "ChessBase"]
[SourceQuality "1"]
[TimeControl "900+5"]

1. e4 c5 2. Nf3 d6 3. Bb5+ Nd7 4. O-O a6 5. Bd3 Ngf6 6. c3 b5 7. Bc2 c4 8. Re1 e6 9. b3 Bb7 10. Na3 Qc7 11. Rb1 cxb3 12. axb3 d5 13. exd5 Bxd5 14. c4 Bb7 15. cxb5 Bb4 16. Bd3 Nc5 17. Bf1 O-O 18. Nc2 a5 19. Bb2 Ng4 20. Ne5 Nxe5 21. Bxe5 Qb6 22. Nxb4 axb4 23. d4 Nd7 24. Bf4 Nf6 25. Be5 Nd5 26. Bd3 f6 27. Bg3 Nc3 28. Qh5 f5 29. Rbc1 Qxd4 30. Bc4 Bd5 31. Be5 Qd2 32. Bxc3 bxc3 33. Red1 Bxc4 34. bxc4 Qf4 35. Rxc3 Rfd8 36. Rf1 Ra2 37. Qf3 Qd2 38. c5 Rb2 39. b6 Rb5 40. Rcc1 Qb4 41. Qe3 Kf7 42. h3 Rd5 43. Rfe1 e5 44. c6 1-0